 Dungeon Crawl Stone Soup version 0.20.2-3-g29329e0561 (webtiles) character file.

182 Alfie the Skirmisher (level 5, -1/46 HPs)
             Began as a Hill Orc Fighter on Mar 18, 2024.
             Slain by a goblin (5 damage)
             ... led by Robin
             ... on level 3 of the Dungeon.
             The game lasted 00:04:57 (2037 turns).

Alfie the Skirmisher (Hill Orc Fighter)             Turns: 2037, Time: 00:05:27

Health: -1/46      AC:  7    Str: 20    XL:     5   Next: 62%
Magic:  5/5        EV:  8    Int:  8    God:
Gold:   164        SH:  9    Dex: 10    Spells: 4/4 levels left

rFire    . . .     SeeInvis .   a - +1 rapier
rCold    . . .     Gourm    .   c - +0 shield
rNeg     . . .     Faith    .   b - +0 scale mail
rPois    .         Spirit   .   (no helmet)
rElec    .         Reflect  .   (no cloak)
rCorr    .         Harm     .   (no gloves)
MR       .....                  (no boots)
Stlth    ..........             (no amulet)
Regen    0.2/turn               (no ring)
MPRegen  0.1/turn               (no ring)

@: no status effects
A: no striking features
a: no special abilities


You were on level 3 of the Dungeon.
You were not hungry.

You visited 1 branch of the dungeon, and saw 3 of its levels.

You collected 164 gold pieces.

Inventory:

Hand Weapons
 a - a +1 rapier (weapon)
Armour
 b - a +0 scale mail (worn)
 c - a +0 shield (worn)
Jewellery
 q - a +4 ring of intelligence
Scrolls
 g - 2 scrolls of magic mapping
 i - a scroll of blinking {unknown}
 j - 2 scrolls of remove curse
 k - a scroll of identify
 o - a scroll of fog {unknown}
 p - 4 scrolls of teleportation {unknown}
 r - a scroll of immolation {unknown}
 s - a scroll of random uselessness {unknown}
 v - a scroll of amnesia {unknown}
Potions
 d - a potion of might
 f - 2 potions of brilliance {unknown}
 h - 2 potions of degeneration {unknown}
 l - 2 potions of curing {unknown}
 m - 2 potions of flight {unknown}
 n - a potion of heal wounds {unknown}
 t - a potion of ambrosia {unknown}
 w - a potion of cancellation {unknown}
Comestibles
 u - 3 fruits
 x - a bread ration


   Skills:
 + Level 4.3 Fighting
 + Level 3.5 Short Blades
 + Level 4.2 Armour
 + Level 1.0 Dodging
 + Level 4.2 Shields


You had 4 spell levels left.
You didn't know any spells.

Dungeon Overview and Level Annotations

Branches:
Dungeon (3/15)

Altars:

Annotations:
D:3 Robin


Message History

The goblin hits you but does no damage.
As you read the scroll labeled SUELET OMEIRGH, it crumbles to dust.
It is a scroll of enchant weapon.
Your +0 rapier glows red for a moment.
You block the bat's attack. x2
The goblin hits you but does no damage. The hobgoblin hits you with a club.
* * * LOW HITPOINT WARNING * * *
The hobgoblin hits you but does no damage.
The goblin barely misses you. You block the goblin's attack.
The goblin hits you.
* * * LOW HITPOINT WARNING * * *
The goblin hits you.
* * * LOW HITPOINT WARNING * * *
Your shield and scale mail prevent you from hitting the goblin.
The goblin is severely wounded.
The bat closely misses you. You block the goblin's attack.
You block the hobgoblin's attack. x2; The goblin hits you but does no damage.
The goblin hits you.
* * * LOW HITPOINT WARNING * * *
The goblin barely misses you. The goblin hits you.
You die...

#...>........# #....# #...
##...........###.†..# #...
########......#...>## #...
#.#....(.....#####...
#>.....#............. *********
##...............>... *,,,,,,,*
#.b....)....#####... *,,,,,,,*
##ggg.......####.... *,,,,,,,*
#gg@gg..............
*,,,,,,,***#lggg...............
*,,,,,,,,.....ll.###...........
****,,**####...........#.......
*,,,,** #............#.#....
******,,*,,**#...................
,,,,,**,**,,*#..........#........
,,,,,,,,,,,,,....................
,,,,<**,,,,,,,,,*,,,,,...........


You could see Robin, 3 leopard geckos, 2 hobgoblins, 7 goblins and a bat.

Vanquished Creatures
  12 adders
  2 dart slugs (D:1)
  4 leopard geckos
  An orc (D:3)
  A giant cockroach (D:1)
  9 goblins
  7 hobgoblins
  10 jackals
  7 kobolds
  6 bats
  3 frilled lizards (D:1)
  6 rats
68 creatures vanquished.

Notes
Turn   | Place    | Note
-------+----------+-------------------------------------------
     0 | D:1      | Alfie the Hill Orc Fighter began the quest for the Orb.
     0 | D:1      | Reached XP level 1. HP: 19/19 MP: 1/1
    56 | D:1      | Reached XP level 2. HP: 26/27 MP: 2/2
   519 | D:1      | Reached XP level 3. HP: 33/33 MP: 3/3
  1125 | D:2      | Reached XP level 4. HP: 40/40 MP: 4/4
  1413 | D:2      | Reached skill level 1 in Dodging
  1564 | D:2      | Reached XP level 5. HP: 36/46 MP: 5/5
  2025 | D:3      | Noticed Robin
  2037 | D:3      | Slain by a goblin

Skill      XL: |  1  2  3  4  5 |
---------------+----------------+-----
Fighting       | 4 |  4.3
Armour         | 4 |  4.2
Dodging        | 1 |  1.0
Short Blades   | 3 |  3.5
Shields        | 4 |  4.2

Action                   |  1- 3 |  4- 6 || total
-------------------------+-------+-------++-------
Melee: Rapier            |    98 |   136 ||   234
  Use: Scroll            |       |     4 ||     4
  Eat: Bread ration      |     1 |       ||     1
Armor: Scale mail        |    56 |   106 ||   162
Dodge: Dodged            |    41 |    87 ||   128
Block: Shield            |    49 |   110 ||   159
